 Dungeon Crawl Stone Soup version 0.31.0-12-g77e489cdc1 (webtiles) character file.

Game seed: 1352779028464880206

8 sking99 the Conjurer (level 2, 0/18 HPs)
             Began as a Gargoyle Reaver on Feb 22, 2024.
             Slain by a ball python (2 damage)
             ... on level 1 of the Dungeon.
             The game lasted 00:00:45 (277 turns).

sking99 the Conjurer (Gargoyle Reaver)               Turns: 277, Time: 00:00:46

Health: 0/18       AC:  5    Str: 15    XL:     2   Next: 8%
Magic:  5/5        EV:  8    Int: 13    God:
Gold:   21         SH:  0    Dex:  8    Spells: 4/5 levels left

rFire   . . .        a - +0 mace
rCold   . . .        (no shield)
rNeg    + . .        b - +0 leather armour
rPois   ∞            (no helmet)
rElec   +            (no cloak)
rCorr   .            (no gloves)
SInv    .            (no boots)
Will    .....        (no amulet)
Stlth   +            (no ring)
HPRegen 0.23/turn    (no ring)
MPRegen 0.09/turn

%: no passive effects
@: constricted
A: sickness immunity, AC +2, negative energy resistance 1, electricity
resistance, torment resistance 1, petrification resistance
a: no special abilities


You were on level 1 of the Dungeon.
You visited 1 branch of the dungeon, and saw 1 of its levels.

You collected 21 gold pieces.

Inventory:

Hand Weapons
 a - a +0 mace (weapon)
Armour
 b - a +0 leather armour (worn)
Jewellery
 d - a ring of magical power
Scrolls
 c - a scroll of teleportation {unknown}


   Skills:
 + Level 2.3 Fighting
 * Level 3.2 Maces & Flails
 - Level 1.5 Dodging
 + Level 2.1 Spellcasting
 + Level 3.4 Conjurations


You had 4 spell levels left.
You knew the following spells:

 Your Spells              Type           Power      Damage    Failure   Level
a - Kiss of Death         Conj/Necr      20%        2d7       16%         1

Your spell library contained the following spells:

 Spells                   Type           Power      Damage    Failure   Level
 Momentum Strike          Conj/Tloc      10%        3d8       22%         2
 Hailstorm                Conj/Ice       5%         3d5       41%         3


Dungeon Overview and Level Annotations

Branches:
Dungeon (1/15)

Altars:


Innate Abilities, Weirdness & Mutations

You are immune to sickness and miasma.
Your stone body is resilient. (AC +2)
You are immune to poison.
You resist negative energy. (rN+)
You are resistant to electric shocks. (rElec)
You are resistant to unholy torment.
You are immune to petrification.


Message History

You barely miss the kobold.
The kobold is severely wounded.
The gnoll hits you with a +0 club. The kobold hits you but does no damage.
You barely miss the kobold.
The kobold is heavily wounded.
The kobold hits you with a +0 short sword.
The gnoll closely misses you.
You hit the kobold but do no damage.
The kobold is heavily wounded.
The ball python closely misses you. The ball python barely misses you.
The kobold barely misses you. The gnoll hits you with a +0 club.
The ball python closely misses you. The ball python grabs you.
The ball python constricts you. The gnoll hits you but does no damage.
The kobold hits you but does no damage.
You escape the ball python's grasp.
The ball python attacks as it pursues you!
The ball python closely misses you. The ball python grabs you.
The ball python constricts you. The kobold attacks as it pursues you!
The kobold barely misses you.
You escape the ball python's grasp.
The gnoll attacks as it pursues you! The gnoll closely misses you.
The kobold attacks as it pursues you! The kobold barely misses you.
The ball python bites you but does no damage.
The ball python grabs you. The ball python constricts you.
You escape the ball python's grasp.
The ball python attacks as it pursues you!
The ball python bites you but does no damage.
The ball python grabs you. The ball python constricts you.
You escape the ball python's grasp.
The ball python attacks as it pursues you!
The ball python bites you. The ball python closely misses you.
The kobold attacks as it pursues you!
The kobold hits you with a +0 short sword.
* * * LOW HITPOINT WARNING * * *
The ball python barely misses you. The ball python grabs you.
The ball python constricts you.
You hit the ball python.
The ball python is severely wounded.
The ball python bites you.
You die...

... #.#....$.......
....#.#............
....#.#............
...................
.............#...#.
................#
...#...g#.........
..####KS#......... ..
#....@....... #...#########.
#............. .. #..........##.
..........##.....†.......
....(.....##............#.
..........##...###....... ..
................##.#..... ....
........##.........#.#.####....>


You could see a gnoll, a ball python and a kobold.

Vanquished Creatures
  An endoplasm (D:1)
  2 goblins (D:1)
  A kobold (D:1)
  A quokka (D:1)
  2 rats (D:1)
7 creatures vanquished.

Notes
Turn   | Place    | Note
-------+----------+-------------------------------------------
     0 | D:1      | sking99 the Gargoyle Reaver began the quest for the Orb.
     0 | D:1      | Reached XP level 1. HP: 12/12 MP: 3/3
   172 | D:1      | Reached XP level 2. HP: 18/18 MP: 5/5
   277 | D:1      | Slain by a ball python

Illustrated notes

Levels and vault maps discovered:
D:1:      scummos_arrival_simple_fountains, layout_basic, nrook_mini_vaults,
          minmay_small_reverse_x

Action                     || total
---------------------------++-------
  Melee: Mace              ||    25
 Armour: Leather armour    ||    24
  Dodge: Dodged            ||    24
